Match 32684979
Unlisted

Match 32684979
End
Construct Infanterie Kompanie
Grenadier Squad
Grenadier Squad
MG 42 Machine Gun Team
GrW 34 Mortar Team
MG 42 Machine Gun Team
Construct Panzergrenadier Kompanie
251 Medium Carrier
Pak 40 Anti-tank Gun Team
Support Elements
251 Medium Carrier
Pioneer Squad
Selects Breakthrough Battlegroup
Selects Assault Grenadiers
Selects Smoke Bombing Run
Selects Incendiary Bombing Run
Incendiary Bombing Run
Construct Panzer Kompanie
Selects 2.5-tonne Cargo Truck
Selects Blitzkrieg
Incendiary Bombing Run
Sturmpanzer IV Brummbär
Incendiary Bombing Run
Pak 40 Anti-tank Gun Team
MG 42 Machine Gun Team
Pioneer Squad
Incendiary Bombing Run
Panzer IV Medium Tank
Incendiary Bombing Run
MG 42 Bunker
Incendiary Bombing Run
Selects Tiger Heavy Tank
Tiger Heavy Tank
Smoke Bombing Run
Incendiary Bombing Run
Pioneer Squad
MG 42 Machine Gun Team
MG 42 Machine Gun Team
Sturmpanzer IV Brummbär
Incendiary Bombing Run
251 Medium Carrier
Incendiary Bombing Run
Tiger Heavy Tank
Incendiary Bombing Run
Pioneer Squad
Incendiary Bombing Run
Smoke Bombing Run
Anhangá
Biggus dickus
samtheman
Mrpriest
Bruistablet
Professor gibberish
Spikey
SKILL
0
0

Comments sign in to comment!

No comments posted yet!